 Dungeon Crawl Stone Soup version 0.28-a0-447-g1f95980246 (webtiles) character file.

Game seed: 16198732845694820409

3902 frimble the Tainter (level 10, 0/65 HPs)
             Began as an Octopode Warper on Sept 13, 2021.
             Killed from afar by Erica (19 damage)
             ... with a bolt of poison
             ... on level 9 of the Dungeon.
             The game lasted 00:13:59 (12368 turns).

frimble the Tainter (Octopode Warper)              Turns: 12368, Time: 00:14:00

Health: 0/65       AC:  1    Str: 10    XL:     10   Next: 20%
Magic:  14/17      EV: 13    Int: 19    God:
Gold:   458        SH:  0    Dex: 12    Spells: 13/19 levels left

rFire   . . .      SeeInvis .   n - +3 dagger (freeze)
rCold   + . .      Faith    .   (no shield)
rNeg    . . .      Spirit   .   (helmet restricted)
rPois   .          Reflect  .   (no amulet)
rElec   .          Harm     .   l - ring of flight
rCorr   .          Rampage  .   q - ring of protection from cold
Will    .....                   (no ring)
Stlth   ++++......              (no ring)
HPRegen 0.20/turn               (no ring)
MPRegen 0.15/turn               (no ring)
                                (no ring)
                                (no ring)

@: lethally poisoned (0 -> -14), flying, slowed, very slow
A: almost no armour, amphibious, 8 rings, camouflage 1, gelatinous body 1,
(nimble swimmer 1), tentacles
a: no special abilities


You were on level 9 of the Dungeon.
You visited 1 branch of the dungeon, and saw 9 of its levels.

You collected 458 gold pieces.

Inventory:

Hand Weapons
 n - a +3 dagger of freezing (weapon)
 u - a +2 vampiric short sword
Missiles
 a - 92 poisoned darts (quivered)
 c - 5 boomerangs of dispersal
 s - 6 boomerangs
 A - 2 silver boomerangs
Jewellery
 l - a ring of flight (left tentacle)
 q - a ring of protection from cold (right tentacle)
Wands
 e - a wand of flame (13)
 m - a wand of acid (11)
Scrolls
 b - 3 scrolls of blinking
 f - 3 scrolls of teleportation
 t - 2 scrolls of amnesia
 v - a scroll of brand weapon
 w - a scroll of identify
 x - a scroll of vulnerability
 y - a scroll of immolation
Potions
 d - 2 potions of attraction
 g - 2 potions of berserk rage
 h - 2 potions of heal wounds
 i - a potion of brilliance
 j - a potion of haste
 k - a potion of flight {unknown}
 o - 5 potions of curing
 p - a potion of magic {unknown}
 r - a potion of might {unknown}
 z - a potion of degeneration {unknown}
 B - a potion of mutation {unknown}


   Skills:
 + Level 4.8 Fighting
 + Level 5.7 Short Blades
 - Level 1.0 Throwing
 - Level 3.0 Dodging
 + Level 7.6 Stealth
 + Level 5.0 Spellcasting
 + Level 3.2 Translocations
 - Level 12.3 Poison Magic
 + Level 4.6 Evocations


You had 13 spell levels left.
You knew the following spells:

 Your Spells              Type           Power      Damage    Failure   Level
b - Blink                 Tloc           N/A        N/A       4%          2
c - Olgreb's Toxic Radia  Pois           51%        N/A       1%          4

Your spell library contained the following spells:

 Spells                   Type           Power      Damage    Failure   Level
 Sting                    Tmut/Pois      100%       1d8       1%          1
 Poisonous Vapours        Pois/Air       56%        N/A       1%          2
 Mephitic Cloud           Conj/Pois/Air  20%        N/A       7%          3
 Gell's Gravitas          Tloc           8%         N/A       10%         3
 Lesser Beckoning         Tloc           16%        N/A       10%         3
 Teleport Other           Tloc           16%        N/A       10%         3
 Magic Dart               Conj           16%        1d3       12%         1
 Shock                    Conj/Air       16%        1d4       12%         1
 Call Imp                 Summ           4%         N/A       19%         2
 Corpse Rot               Necr/Air       N/A        N/A       19%         2
 Searing Ray              Conj           8%         2d4       19%         2
 Swiftness                Air            4%         N/A       36%         3
 Manifold Assault         Tloc           16%        N/A       67%         5
 Airstrike                Air            2%         N/A       77%         4
 Dispel Undead            Necr           4%         3d7       77%         4
 Fulminant Prism          Conj/Hex       2%         3d6       77%         4
 Sticky Flame             Conj/Fire      4%         2d3       77%         4
 Death Channel            Necr           2%         N/A       100%        6


Dungeon Overview and Level Annotations

Branches:
Dungeon (9/15)             Temple (0/1) D:5
   Lair: D:8-11         Orc: D:9-12

Altars:
Dithmenos
Elyvilon
Fedhas
Gozag
Nemelex Xobeh
Uskayaw
Vehumet
Wu Jian
Yredelemnul
The Shining One

Shops:
D:2 [

Annotations:
D:8 Gastronok
D:9 Erica


Innate Abilities, Weirdness & Mutations

You cannot wear most types of armour.
You are amphibious.
You can wear up to eight rings at the same time.
Your skin changes colour to match your surroundings (Stealth+).
Your rubbery body absorbs attacks. (AC +1, EV +1)
((You are camouflaged near water. (Stealth+)))
You have tentacles for arms and can constrict up to eight enemies at once.


Message History

The arrow closely misses you.
You hear a shout!
A centaur is nearby!
Found a +0 flail.
The centaur shoots an arrow.
The arrow hits you!
You see here a fizzy emerald potion.
The centaur shoots an arrow.
The arrow hits you.
The centaur shoots an arrow.
The arrow hits you!
You are too injured to fight recklessly!
Unknown command.
Casting: Olgreb's Toxic Radiance (dangerous; 1% risk of failure)
Confirm with . or Enter, or press ? or * to list all spells.
You begin to radiate toxic energy.
The orc wizard is poisoned.
The centaur is poisoned.
The orc wizard looks even sicker.
The centaur shoots an arrow.
The arrow hits you!
The orc wizard looks even sicker.
Your toxic aura wanes.
The centaur shoots an arrow.
The arrow hits you!
* * * LOW HITPOINT WARNING * * *
The centaur shoots an arrow.
The arrow hits you!
* * * LOW HITPOINT WARNING * * *
Unknown command.
You feel much better.
The centaur shoots an arrow.
The arrow hits you.
* * * LOW HITPOINT WARNING * * *
Okay, then.
Unknown command.
Unknown command.
Aiming: Corrosive Bolt
Press: ? - help, Shift-Dir - straight line, f - orc wizard
Aim: an orc wizard, wielding a +0 dagger, wearing a +0 robe and wearing a ring of protection from fire (heavily wounded, very poisoned, 67% to hit)
The bolt of acid hits the centaur!
The acid corrodes the centaur!
The centaur is almost dead.
The bolt of acid hits the orc wizard!!
The acid corrodes the orc wizard!
You kill the orc wizard!
You kill the centaur!
Your Spellcasting skill increases to level 5!
Erica gestures at you while chanting.
You feel yourself slow down. Erica gestures at you while chanting.
The bolt of poison hits you!!
You are poisoned.
You die...

#### ..# ### ... ..# #.#
#.# ..)# ## #.# #.# ...o
....###.####.#########....(
................@....)>...#
###.###<####.#####.####)..#
### #.# ..@. ..# ...
...#####co#
##.#.###.#<...@.# ..#.#
#.######.# ### # #.# # #.#


You could see Erica.

Vanquished Creatures
  A hornet (D:9)
  Grinder (D:6)
  A wyvern (D:7)
  3 ice beasts
  2 sky beasts (D:8)
  5 orc warriors
  3 centaurs
  4 ogres
  2 phantoms
  A kobold brigand (D:8)
  A bullfrog (D:8)
  2 scorpions
  A wyvern zombie (D:7)
  A howler monkey (D:8)
  A wight (D:6)
  2 bullfrog zombies
  2 centaur zombies
  2 lava snakes (D:8)
  3 hounds
  4 jellies
  7 orc priests
  Ijyb (D:5)
  3 iguanas
  7 orc wizards
  A killer bee zombie (D:8)
  A hound zombie (D:5)
  2 hound skeletons
  2 howler monkey zombies (D:5)
  7 gnolls
  3 adders
  A white imp (D:7)
  An ufetubus (D:4)
  2 worms (D:3)
  3 dart slugs
  49 orcs
  2 ball pythons (D:3)
  4 endoplasms
  3 giant cockroaches (D:1)
  22 goblins
  11 hobgoblins
  4 jackals (D:4)
  A quokka (D:2)
  7 bats
  3 frilled lizards (D:2)
  15 kobolds
  2 rats
206 creatures vanquished.

Vanquished Creatures (others)
  An orc wizard (D:7)
1 creature vanquished.

Grand Total: 207 creatures vanquished

Notes
Turn   | Place    | Note
-------+----------+-------------------------------------------
     0 | D:1      | frimble the Octopode Warper began the quest for the Orb.
     0 | D:1      | Reached XP level 1. HP: 14/14 MP: 3/3
   127 | D:1      | Learned a level 1 spell: Sting
   169 | D:1      | Reached skill level 1 in Stealth
   218 | D:1      | Reached XP level 2. HP: 15/19 MP: 5/5
   654 | D:2      | Reached skill level 1 in Poison Magic
   968 | D:2      | Reached XP level 3. HP: 24/24 MP: 6/6
   973 | D:2      | Learned a level 2 spell: Blink
   991 | D:2      | Found Ragg's Armour Emporium.
  1277 | D:2      | Reached skill level 12 in Poison Magic
  1277 | D:2      | Reached XP level 4. HP: 29/29 MP: 7/7
  1283 | D:2      | Learned a level 4 spell: Olgreb's Toxic Radiance
  2442 | D:3      | Reached XP level 5. HP: 34/34 MP: 8/8
  2807 | D:4      | Noticed an orc warrior
  2829 | D:4      | Killed an orc warrior
  2857 | D:3      | Reached XP level 6. HP: 11/39 MP: 3/9
  4361 | D:5      | Entered Level 5 of the Dungeon
  4372 | D:5      | Reached XP level 7. HP: 45/45 MP: 11/11
  5413 | D:5      | Reached skill level 1 in Evocations
  5680 | D:4      | Reached XP level 8. HP: 8/51 MP: 12/12
  6216 | D:5      | Noticed Ijyb
  6223 | D:5      | Killed Ijyb
  6533 | D:5      | Found a staircase to the Ecumenical Temple.
  6936 | D:6      | Reached skill level 5 in Stealth
  6936 | D:6      | Noticed Grinder
  6948 | D:6      | Paralysed by Grinder for 3 turns
  6953 | D:6      | Killed Grinder
  7216 | D:6      | Found a sparkling altar of Nemelex Xobeh.
  7821 | D:6      | Reached XP level 9. HP: 49/57 MP: 14/14
  8644 | D:7      | Identified the +8 flail of Helaj {vamp, Will+}
  8789 | D:7      | Reached skill level 5 in Short Blades
  9118 | D:7      | Got the Handbook of Burning Conjuration
 10164 | D:8      | Noticed Gastronok
 10168 | D:8      | Found a glowing golden altar of the Shining One.
 10168 | D:8      | Found a basalt altar of Yredelemnul.
 10170 | D:8      | Found an opulent altar of Gozag.
 10453 | D:8      | Found an ornate altar of the Wu Jian Council.
 10539 | D:9      | Noticed a hornet
 10544 | D:9      | Paralysed by a hornet for 1 turns
 10546 | D:9      | Killed a hornet
 10547 | D:9      | Reached XP level 10. HP: 28/65 MP: 12/17
 11068 | D:8      | Found a radiant altar of Vehumet.
 11134 | D:8      | Found a blossoming altar of Fedhas.
 11134 | D:8      | Found a shadowy altar of Dithmenos.
 11134 | D:8      | Found a white marble altar of Elyvilon.
 12077 | D:8      | Found a hide-covered altar of Uskayaw.
 12196 | D:9      | Noticed Erica
 12367 | D:9      | Reached skill level 5 in Spellcasting
 12368 | D:9      | Killed from afar by Erica

Illustrated notes

Levels and vault maps discovered:
D:1:      wander_arrival_peaceful_grave, layout_loops_ring
D:2:      layout_rooms, serial_shops, shop, hex_large
D:3:      layout_loops_ring, supply_closet_lemuel
D:4:      layout_basic, minmay_misc_feat_five
D:5:      layout_loops_ring, lemuel_temple_firewalk_a, minmay_fractal_squares_5,
          uniq_ijyb
D:6:      layout_basic, mainiacjoe_overflow_paths, minmay_misc_feat_ornament,
          kennysheep_generic_room_14, uniq_grinder
D:7:      layout_rooms, kennysheep_small_square
D:8:      corexii_shantytown, layout_basic, nicolae_wu_jian_wuxing_cycle,
          chequers_temple_overflow_statue_of_worship, nicolae_uskayaw_suspiria,
          vehumet_crystals, gammafunk_temple_overflow_claw, uniq_gastronok
D:9:      layout_basic, nicolae_ru_great_annihilating_truth,
          grunt_lair_entry_orc_guard_hut, minivault_22, uniq_erica

Skill      XL: |  1  2  3  4  5  6  7  8  9 10 |
---------------+-------------------------------+-----
Stealth        | 1 2 3 4 5 7 |  7.6
Poison Magic   | 1 12 | 12.3
Short Blades   | 3 4 5 |  5.7
Spellcasting   | 3 4 5 |  5.0
Evocations     | 1 2 4 |  4.6
Dodging        | 3 |  3.0
Fighting       | 3 4 |  4.8
Throwing       | |  1.0
Translocations | |  3.2

Action                   |  1- 3 |  4- 6 |  7- 9 | 10-12 || total
-------------------------+-------+-------+-------+-------++-------
Melee: Short sword       |    48 |    52 |       |       ||   100
       Constrict         |    16 |    17 |    24 |     7 ||    64
       Tentacles         |    15 |    16 |    33 |     4 ||    68
       Rapier            |       |    27 |    61 |       ||    88
       Dagger            |       |       |   106 |    52 ||   158
Throw: Dart              |       |       |     9 |     4 ||    13
 Cast: Sting             |       |    14 |    20 |       ||    34
       Blink             |       |     2 |     6 |       ||     8
       Olgreb's Toxic Ra |       |     3 |    23 |    11 ||    37
Evoke: Wand              |       |       |     2 |     1 ||     3
  Use: Scroll            |     3 |     5 |     4 |     1 ||    13
       Potion            |     1 |       |       |     1 ||     2
 Stab: Sleeping          |     2 |     7 |     9 |    22 ||    40
Armor: Skin              |     4 |     2 |    10 |     2 ||    18
Dodge: Dodged            |    29 |    47 |   119 |    23 ||   218

Table legend: (Time is in decaauts)
 A = Elapsed time spent in this place.
 B = Non-inter-level travel time spent in this place.
 C = Inter-level travel time spent in this place.
 D = Time resting spent in this place.
 E = Time spent auto-exploring this place.
 F = Levels seen in this place.
 G = Mean time per level.
                   A        B        C        D        E       F      G
               +--------+--------+--------+--------+--------+-----+--------+
         Total |  12332 |  11846 |    486 |     96 |  10277 |   9 | 1370.2 |
       Dungeon |  12332 |  11846 |    486 |     96 |  10277 |   9 | 1370.2 |
               +--------+--------+--------+--------+--------+-----+--------+

Top non-repeatable levels by time:
     D:4: 2571 daAuts
     D:8: 2131 daAuts
     D:5: 1595 daAuts
     D:3: 1560 daAuts
     D:7: 1520 daAuts
     D:6: 1475 daAuts
     D:2: 715 daAuts
     D:1: 705 daAuts
     D:9: 58 daAuts
